 Dungeon Crawl Stone Soup version 0.31-a0-152-g6aa68a64a1 (webtiles) character file.

Game seed: 12899617220556671385

2708 Hajna the Cleaver (level 9, -1/78 HPs)
             Began as a Hill Orc Fighter on June 11, 2023.
             Frozen to death by confidenceinterval's ghost (16 damage)
             ... on level 6 of the Dungeon.
             The game lasted 00:18:30 (5652 turns).

Hajna the Cleaver (Hill Orc Fighter)                Turns: 5652, Time: 00:18:31

Health: -1/78      AC: 11    Str: 21    XL:     9   Next: 66%
Magic:  9/9        EV:  9    Int: 14    God:
Gold:   264        SH: 14    Dex:  8    Spells: 8/8 levels left

rFire   . . .        a - +4 war axe
rCold   . . .        i - +0 kite shield
rNeg    . . .        b - +0 scale mail
rPois   .            (no helmet)
rElec   .            t - +0 cloak
rCorr   .            m - +1 pair of gloves
SInv    .            (no boots)
Will    .....        g - amulet of reflection Stlth
                     j - +6 ring of intelligence
HPRegen 0.33/turn    (no ring)
MPRegen 0.11/turn

%: reflection
@: no status effects
A: clumsy 1, mutation resistance 1, weak 1, MP-powered wands
a: no special abilities


You were on level 6 of the Dungeon.
You visited 1 branch of the dungeon, and saw 6 of its levels.

You collected 264 gold pieces.

Inventory:

Hand Weapons
 a - a +4 war axe (weapon)
Missiles
 e - 10 boomerangs
 k - 6 poisoned darts
 q - a throwing net
Armour
 b - a +0 scale mail (worn)
 c - a +0 buckler
 i - a +0 kite shield (worn)
 m - a +1 pair of gloves (worn)
 t - a +0 cloak (worn)
 z - a +2 leather armour of fire resistance
 A - a +0 troll leather armour
Magical Staves
 u - a staff of conjuration
Jewellery
 g - an amulet of reflection (around neck)
 j - a +6 ring of intelligence (left hand)
 s - an amulet of regeneration
 B - a ring of wizardry
Wands
 x - a wand of mindburst (15) (quivered)
Scrolls
 d - a scroll of immolation {unknown}
 f - a scroll of poison
 p - 2 scrolls of teleportation
 v - 2 scrolls of fog
 w - 2 scrolls of blinking
 y - 2 scrolls of identify
Potions
 h - a potion of heal wounds
 l - 2 potions of enlightenment
 n - 3 potions of curing {unknown}
 o - 2 potions of lignification {unknown}
 r - a potion of attraction {unknown}


   Skills:
 + Level 6.5 Fighting
 + Level 11.9 Axes
 + Level 1.1 Throwing
 + Level 5.8 Armour
 + Level 2.1 Dodging
 + Level 1.2 Stealth
 + Level 6.9 Shields


You had 8 spell levels left.
You didn't know any spells.
Your spell library contained the following spells:

 Spells                   Type           Power      Damage    Failure   Level
 Cigotuvi's Dreadful Rot  Necr/Pois/Air  0%         N/A       93%         2
 Static Discharge         Conj/Air       0%         2-2/arc   93%         2
 Ignite Poison            Fire/Tmut/Pois 0%         N/A       99%         3
 Volatile Blastmotes      Fire/Tloc      0%         2d10      99%         3
 Airstrike                Air            0%         2d(0-16)  100%        4
 Fulminant Prism          Conj/Hex       0%         3d5       100%        4
 Iskenderun's Mystic Bla  Conj/Tloc      0%         2d3       100%        4
 Summon Lightning Spire   Summ/Air       0%         N/A       100%        4
 Freezing Cloud           Conj/Ice/Air   0%         6-21      100%        5
 Lee's Rapid Deconstruct  Erth           0%         3d4*      100%        5


Dungeon Overview and Level Annotations

Branches:
Dungeon (6/15)             Temple (0/1) D:4

Altars:
Cheibriados
Fedhas
Okawaru
Sif Muna
Vehumet
Wu Jian
Xom

Shops:
D:4 =

Annotations:
D:5 exclusion: statue
D:6 confidenceinterval's ghost, novice DsIE


Innate Abilities, Weirdness & Mutations

You are clumsy. (Dex -2)
You are somewhat resistant to further mutation.
You are weak. (Str -2)
You expend magic power (3 MP) to strengthen your wands.


Message History

Confidenceinterval's ghost freezes you.
You are frozen!!
* * * LOW HITPOINT WARNING * * *
You feel much better. Confidenceinterval's ghost freezes you.
You are frozen!
* * * LOW HITPOINT WARNING * * *
Okay, then.
You are too injured to fight recklessly!
Okay, then.
You hit confidenceinterval's ghost.
Confidenceinterval's ghost is heavily damaged.
You block confidenceinterval's ghost's attack.
You closely miss confidenceinterval's ghost.
Confidenceinterval's ghost is heavily damaged.
Confidenceinterval's ghost hits you but does no damage.
You hit confidenceinterval's ghost.
Confidenceinterval's ghost is heavily damaged.
Confidenceinterval's ghost closely misses you.
You closely miss confidenceinterval's ghost.
Confidenceinterval's ghost is heavily damaged.
Confidenceinterval's ghost hits you.
* * * LOW HITPOINT WARNING * * *
Confidenceinterval's ghost freezes you.
* * * LOW HITPOINT WARNING * * *
You don't know any spells.
You hit confidenceinterval's ghost.
Confidenceinterval's ghost is severely damaged.
You block confidenceinterval's ghost's attack.
You closely miss confidenceinterval's ghost.
Confidenceinterval's ghost is severely damaged.
Confidenceinterval's ghost completely misses you.
Press: ? - help, v - describe, . - travel
Here: confidenceinterval's ghost, wielding a weapon of freezing (severely damaged)
An open translucent gate.
You slash confidenceinterval's ghost!
Confidenceinterval's ghost is severely damaged.
Confidenceinterval's ghost freezes you.
You are frozen!
You die...

#. #. #####.### ####
.......#♣⌠♣.##
#.#(....#....8#
......#.....? ###
#...'.....♣
....#..@W.....⌠
#..#...'.....♣
#.).+..#.....$
.###)...#....8#######
........#♣⌠♣?##.....#
#.#.....#######.###.# .
#.......###....##.####
###.....'.............
.........###....##.####


You could see confidenceinterval's ghost.

Vanquished Creatures
  Pikel (D:5)
  The ghost of Ijustatesigmund the Magician, a novice OpCj (D:6)
  A troll (D:6)
  The ghost of Voker57 the Trooper, an amateur DsMo (D:3)
  Grinder (D:5)
  Menkaure (D:4)
  An orc warrior (D:6)
  An ogre (D:5)
  2 phantoms (D:5)
  The ghost of voshxx the Stinger, an amateur OpVM of Sif Muna (D:4)
  A scorpion (D:6)
  3 howler monkeys
  4 hounds
  Crazy Yiuf (D:5)
  A sleepcap (D:6)
  2 iguanas (D:4)
  An orc wizard (D:4)
  15 gnolls
  7 adders
  A white imp (D:6)
  An ufetubus (D:5)
  4 worms
  A dart slug (D:1)
  11 orcs
  10 endoplasms
  6 giant cockroaches
  5 goblins
  5 hobgoblins
  3 jackals (D:1)
  6 quokkas
  8 ball pythons
  5 bats
  5 frilled lizards
  8 kobolds
  14 rats
139 creatures vanquished.

Notes
Turn   | Place    | Note
-------+----------+-------------------------------------------
     0 | D:1      | Hajna the Hill Orc Fighter began the quest for the Orb.
     0 | D:1      | Reached XP level 1. HP: 19/19 MP: 1/1
   122 | D:1      | Reached XP level 2. HP: 25/27 MP: 2/2
   360 | D:1      | Reached skill level 3 in Axes
   625 | D:1      | Reached XP level 3. HP: 32/33 MP: 3/3
  1201 | D:2      | Reached skill level 4 in Axes
  1217 | D:2      | Found a shimmering altar of Xom.
  1258 | D:2      | Reached XP level 4. HP: 32/41 MP: 4/4
  1520 | D:2      | You fall into a shaft and drop 1 floor!
  2090 | D:3      | Noticed Voker57's ghost (amateur DsMo)
  2091 | D:3      | Found a runed translucent door.
  2167 | D:3      | Gained mutation: You have large cloven feet. [potion of
                  | mutation]
  2167 | D:3      | Gained mutation: You are robust. (+10% HP) [potion of
                  | mutation]
  2167 | D:3      | Gained mutation: You expend magic power (3 MP) to
                  | strengthen your wands. [potion of mutation]
  2167 | D:3      | Gained mutation: You have a somewhat thin skeletal
                  | structure. (Dex +2, Stealth+) [potion of mutation]
  2208 | D:3      | Killed Voker57's ghost
  2209 | D:3      | Reached skill level 6 in Axes
  2209 | D:3      | Reached XP level 5. HP: 42/51 MP: 5/5
  2209 | D:3      | Reached XP level 6. HP: 48/58 MP: 6/6
  3083 | D:4      | Reached skill level 7 in Axes
  3087 | D:4      | Found an ornate altar of the Wu Jian Council.
  3127 | D:4      | Reached XP level 7. HP: 63/66 MP: 7/7
  3150 | D:4      | Found a runed translucent door.
  3155 | D:4      | Noticed voshxx's ghost (amateur OpVM)
  3232 | D:4      | Noticed Menkaure
  3240 | D:4      | Killed Menkaure
  3241 | D:4      | Reached skill level 5 in Fighting
  3286 | D:4      | Found a staircase to the Ecumenical Temple.
  3291 | D:4      | Reached skill level 1 in Dodging
  3316 | D:4      | Found an iron altar of Okawaru.
  3373 | D:4      | Found Manedat's One-of-a-Kind Rings.
  3645 | D:4      | Found a blossoming altar of Fedhas.
  3654 | D:4      | Reached skill level 8 in Axes
  3757 | D:4      | Killed voshxx's ghost
  3983 | D:5      | Entered Level 5 of the Dungeon
  4003 | D:5      | Found a snail-covered altar of Cheibriados.
  4019 | D:5      | Noticed Pikel
  4031 | D:5      | Killed Pikel
  4032 | D:5      | Reached skill level 9 in Axes
  4032 | D:5      | Reached skill level 1 in Stealth
  4032 | D:5      | Reached skill level 5 in Shields
  4032 | D:5      | Reached XP level 8. HP: 74/75 MP: 8/8
  4180 | D:5      | Reached skill level 10 in Axes
  4180 | D:5      | Reached skill level 5 in Armour
  4293 | D:5      | Noticed Grinder
  4313 | D:5      | Killed Grinder
  4314 | D:5      | Reached XP level 9. HP: 41/82 MP: 9/9
  4483 | D:5      | Found a shimmering blue altar of Sif Muna.
  4534 | D:5      | Found a runed translucent door.
  4535 | D:5      | Noticed Crazy Yiuf
  4544 | D:5      | Killed Crazy Yiuf
  4545 | D:5      | Reached skill level 11 in Axes
  4832 | D:5      | Found a radiant altar of Vehumet.
  5337 | D:6      | Noticed a troll
  5346 | D:6      | Killed a troll
  5419 | D:6      | Lost mutation: You are robust. (+10% HP) [potion of
                  | mutation]
  5419 | D:6      | Lost mutation: You have a somewhat thin skeletal structure.
                  | (Dex +2, Stealth+) [potion of mutation]
  5419 | D:6      | Lost mutation: You have large cloven feet. [potion of
                  | mutation]
  5419 | D:6      | Gained mutation: You are clumsy. (Dex -2) [potion of
                  | mutation]
  5419 | D:6      | Gained mutation: You are weak. (Str -2) [potion of
                  | mutation]
  5419 | D:6      | Gained mutation: You are somewhat resistant to further
                  | mutation. [potion of mutation]
  5622 | D:6      | Found a runed translucent gate.
  5622 | D:6      | Found a runed translucent gate.
  5622 | D:6      | Found a runed translucent gate.
  5624 | D:6      | Noticed confidenceinterval's ghost (novice DsIE)
  5625 | D:6      | Noticed Ijustatesigmund's ghost (novice OpCj)
  5641 | D:6      | Killed Ijustatesigmund's ghost
  5642 | D:6      | Reached skill level 1 in Throwing
  5652 | D:6      | Frozen to death by confidenceinterval's ghost

Illustrated notes

Levels and vault maps discovered:
D:1:      saegor_arrival_under_anarchy, layout_basic, serial_park_tiny_pond
D:2:      minmay_alternating_diamond, layout_basic, basic_altar,
          minmay_tromino_v2
D:3:      layout_loops_corners, hellmonk_ghost_happy_afterlife,
          grunt_ministairs_7
D:4:      minmay_general_purpose_star, layout_basic,
          mainiacjoe_overflow_cross_hatched, lemuel_doored_altar,
          fedhas_altar_3, minmay_temple_entry_glass,
          ebering_ghost_reflecting_pool, nicolae_shop_unique_rings,
          uniq_menkaure
D:5:      layout_basic, vehumet_statue, mainiacjoe_overflow_24_doors,
          kennysheep_little_box, uniq_crazy_yiuf_cottage, uniq_pikel,
          uniq_grinder
D:6:      layout_loops_corners, lemuel_coloured_pillars_altar,
          gammafunk_ghost_cemetery, kennysheep_decorative_pillar,
          grunt_ministairs_5, hangedman_decor_points

Skill      XL: |  1  2  3  4  5  6  7  8  9 |
---------------+----------------------------+-----
Fighting       | 4 5 6 |  6.5
Axes           | 3 4 6 7 9 10 11 | 11.9
Armour         | 4 5 |  5.8
Shields        | 4 5 6 |  6.9
Dodging        | 1 2 |  2.1
Stealth        | 1 |  1.2
Throwing       | 1 |  1.1

Action                     |  1- 3 |  4- 6 |  7- 9 || total
---------------------------+-------+-------+-------++-------
  Melee: War axe           |    98 |   116 |   171 ||   385
         Kick              |       |    12 |    27 ||    39
  Throw: Dart              |       |       |    10 ||    10
         Throwing net      |       |       |     1 ||     1
         Boomerang         |       |       |     1 ||     1
    Use: Scroll            |     5 |     7 |     5 ||    17
         Potion            |       |     2 |     2 ||     4
 Armour: Scale mail        |    40 |    27 |    45 ||   112
  Dodge: Dodged            |    36 |    34 |    34 ||   104
  Block: Kite shield       |    35 |    72 |   119 ||   226
         Buckler           |     4 |       |       ||     4

Table legend: (Time is in decaauts)
 A = Elapsed time spent in this place.
 B = Non-inter-level travel time spent in this place.
 C = Inter-level travel time spent in this place.
 D = Time resting spent in this place.
 E = Time spent auto-exploring this place.
 F = Levels seen in this place.
 G = Mean time per level.
                   A        B        C        D        E       F      G
               +--------+--------+--------+--------+--------+-----+--------+
         Total |   5758 |   5464 |    294 |      0 |   4349 |   6 |  959.7 |
       Dungeon |   5758 |   5464 |    294 |      0 |   4349 |   6 |  959.7 |
               +--------+--------+--------+--------+--------+-----+--------+

Top non-repeatable levels by time:
     D:5: 1185 daAuts
     D:3: 1184 daAuts
     D:1: 1007 daAuts
     D:4: 961 daAuts
     D:2: 926 daAuts
     D:6: 493 daAuts
